 Dungeon Crawl Stone Soup version 0.17.0-28-g6e173f8 (webtiles) character file.

24 septik the Twirler (level 3, 0/22 HPs)
             Began as a Gargoyle Gladiator on Nov 27, 2015.
             Slain by a goblin (2 damage)
             ... led by Robin
             ... on level 2 of the Dungeon.
             The game lasted 00:01:23 (471 turns).

septik the Twirler (Gargoyle Gladiator)              Turns: 471, Time: 00:01:23

Health: 0/22       AC:  7    Str: 18    XL:     3   Next: 2%
Magic:  3/3        EV: 12    Int:  8    God:
Gold:   57         SH:  0    Dex: 11    Spells: 0 memorised, 2 levels left

rFire  . . .     SeeInvis .     a - +0 quarterstaff
rCold  . . .     Clarity  .     b - +0 leather armour
rNeg   + . .     SustAt   .     (shield currently unavailable)
rPois  ∞         Gourm    .     c - +0 helmet
rElec  +         Spirit   .     (no cloak)
rCorr  .         Warding  .     (no gloves)
rMut   .         Stasis   .     (no boots)
MR     .....                    (no amulet)
Stlth  +.........               (no ring)
                                (no ring)

@: not resistant to hostile enchantments, very unstealthy
A: negative energy resistance 1, electricity resistance, unbreathing,
petrification resistance, rot immunity, AC +3
a: no special abilities


You were on level 2 of the Dungeon.
You were not hungry.

You visited 1 branch of the dungeon, and saw 2 of its levels.

You collected 57 gold pieces.

Inventory:

Hand Weapons
 a - a +0 quarterstaff (weapon)
Missiles
 d - 3 throwing nets (quivered)
 g - 78 stones
Armour
 b - a +0 leather armour (worn)
 c - a +0 helmet (worn)
Jewellery
 i - a cursed ring of loudness {unknown}
Scrolls
 h - a scroll of teleportation {unknown}
 j - 3 scrolls of identify {unknown}
 n - a scroll of random uselessness {unknown}
Potions
 k - a potion of flight {unknown}
 l - a potion of agility {unknown}
 m - a potion of cure mutation {unknown}
Comestibles
 e - a bread ration
 f - a chunk of flesh
 o - a beef jerky


   Skills:
 + Level 2.3 Fighting
 + Level 3.5 Staves
 + Level 1.9 Throwing
 + Level 0.4 Armour
 + Level 2.7 Dodging


You had 2 spell levels left.
You didn't know any spells.

Dungeon Overview and Level Annotations

Branches:
Dungeon (2/15)

Altars:

Annotations:
D:2 Robin


Innate Abilities, Weirdness & Mutations

You are resistant to torment.
Your stone body is resilient (AC +3).
You are immune to poison.
You resist negative energy.
You are resistant to electric shocks.
You can survive without breathing.
You are immune to petrification.
You are immune to rotting.


Message History

You feel agile. The goblin misses you.
Robin points. "Kill!"
Robin throws the goblin at you! The goblin hits you but does no damage.
The goblin hits you but does no damage.
You barely miss the goblin. The goblin hits you but does no damage.
The goblin barely misses you. The goblin hits you.
* * * LOW HITPOINT WARNING * * *
The goblin hits you but does no damage.
You barely miss the goblin. The goblin hits you but does no damage.
The goblin hits you but does no damage. The goblin closely misses you.
The goblin hits you but does no damage.
A bat comes into view.
You closely miss the goblin. The goblin hits you but does no damage.
The goblin hits you but does no damage. x3
The goblin barely misses you.
You closely miss the goblin. The goblin hits you but does no damage.
The goblin hits you but does no damage. x2
The goblin hits you.
You die...

..# ..## #######...##.#
..# ##.... .........
.....###g.#####.g......
#.bg@gg........ ....
....####g######.##.....
........wg...wg........
...............###....
...............###g...
...........†...#.....
..................#
..............(.#......
.......................


You could see a worm, Robin, a hobgoblin, 4 goblins and a bat.

Vanquished Creatures
  An adder (D:2)
  A bat (D:1)
  2 giant cockroaches (D:1)
  2 goblins (D:2)
  2 hobgoblins (D:1)
  3 giant newts
  2 kobolds
  2 rats
15 creatures vanquished.

Notes
Turn   | Place    | Note
--------------------------------------------------------------
     0 | D:1      | septik the Gargoyle Gladiator began the quest for the Orb.
     0 | D:1      | Reached XP level 1. HP: 12/12 MP: 1/1
   210 | D:1      | Reached XP level 2. HP: 15/17 MP: 2/2
   450 | D:2      | Noticed Robin
   467 | D:2      | Reached XP level 3. HP: 6/22 MP: 3/3
   471 | D:2      | Slain by a goblin

Action                   || total
-------------------------++-------
Melee: Quarterstaff      ||    58
